 Dungeon Crawl Stone Soup version 0.23.0 (webtiles) character file.

Game seed: 5490416468068511538

266503 vishdafish the Fencer (level 19, -16/165 HPs)
             Began as a Demonspawn Berserker on Feb 17, 2019.
             Was the Champion of Cheibriados.
             Demolished by a stone giant (33 damage)
             ... created by the rage of Trog
             ... on level 3 of the Swamp.
             The game lasted 02:02:54 (44022 turns).

vishdafish the Fencer (Demonspawn Berserker)       Turns: 44022, Time: 02:02:57

Health: -16/165    AC: 36    Str: 43    XL:     19   Next: 71%
Magic:  28/28      EV: 17    Int: 34    God:    Cheibriados [******]
Gold:   3081       SH: 19    Dex: 36    Spells: 18/18 levels left

rFire    + . .     SeeInvis +   w - +9 double sword (flame)
rCold    + . .     Gourm    .   P - +0 shield {AC+3}
rNeg     + . .     Faith    .   q - +0 crystal plate armour
rPois    .         Spirit   .   L - +2 hat {Int+3}
rElec    .         Reflect  .   Z - scarf {rC+ rF+}
rCorr    .         Harm     .   z - +1 pair of gloves {Dex+3}
MR       +....     Clarity  +   U - +1 pair of boots {Fly}
Stlth    ..........             Q - amulet of regeneration
HPRegen  0.77/turn              p - +3 ring of strength
MPRegen  0.21/turn              o - ring of positive energy

@: mighty, agile, about to teleport, flying, very slow
A: antennae 2, talons 1, molten scales 2, see invisible, clarity, nightstalker
3, robust 1, strong 1
}: 1/15 runes: serpentine
a: Bend Time, Temporal Distortion, Slouch, Step From Time, Renounce Religion,
Stop Flying


You were on level 3 of the Swamp.
You worshipped Cheibriados.
Cheibriados was exalted by your worship.
You were hungry.

You visited 7 branches of the dungeon, and saw 33 of its levels.
You visited 1 bazaar.
You also visited: Ossuary and Ice Cave.

You collected 4367 gold pieces.
You spent 1286 gold pieces at shops.

Inventory:

Hand Weapons
 w - a +9 double sword of flaming (weapon)
 B - the +9 double sword of Anaug {freeze, rPois rF+ MR+}
   (Trog gifted it to you on level 2 of the Orcish Mines)

   It has been specially enchanted to freeze those struck by it, causing extra
   injury to most foes and up to half again as much damage against particularly
   susceptible opponents.
   It can also slow down cold-blooded creatures.
   It protects you from fire.
   It protects you from poison.
   It affects your resistance to hostile enchantments.
Armour
 e - a scarf of cloud immunity
 g - a scarf of repulsion
 q - a +0 crystal plate armour (worn)
 z - a +1 pair of gloves of dexterity (worn)
 G - a +0 pair of boots of running
 L - a +2 hat of intelligence (worn)
 P - a +0 shield of protection (worn)
 U - a +1 pair of boots of flying (worn)
 Z - a scarf of resistance (worn)
Magical Staves
 t - an uncursed staff of wizardry
Jewellery
 b - a +5 amulet of reflection
 j - an uncursed ring of protection from cold
 n - a +5 amulet of reflection
 o - a ring of positive energy (right hand)
 p - a +3 ring of strength (left hand)
 r - the amulet "Ekor" {Inacc rF+ rC+ MR+}
   (You found it on level 5 of the Dungeon)

   [amulet of inaccuracy]

   It reduces the accuracy of all your attacks.
   It protects you from fire.
   It protects you from cold.
   It affects your resistance to hostile enchantments.
 u - an uncursed amulet of rage
 Q - an amulet of regeneration (around neck)
 Y - an uncursed ring of poison resistance
Wands
 a - a wand of scattershot (1)
 f - a wand of acid (4)
 h - a wand of iceblast (16)
 D - a wand of digging (1)
 E - a wand of polymorph (12)
 F - a wand of clouds (1)
 K - a wand of paralysis (6)
 T - a wand of disintegration (22)
Scrolls
 d - 7 scrolls of remove curse
 y - 4 scrolls of enchant armour
 C - 2 scrolls of fog
 H - 3 scrolls of vulnerability
 M - 3 scrolls of immolation
 O - a scroll of magic mapping
 X - 8 scrolls of identify
Potions
 k - 22 potions of degeneration
 l - 3 potions of mutation
 m - 7 potions of flight
 v - 12 potions of curing
 x - a potion of might
 A - 6 potions of ambrosia
 I - a potion of magic
 J - 3 potions of brilliance
 R - 2 potions of cancellation
 S - 2 potions of resistance
 V - 2 potions of agility
 W - 4 potions of haste
Miscellaneous
 s - a lamp of fire
Comestibles
 c - 15 rations


   Skills:
 - Level 13.5 Fighting
 - Level 18.1 Long Blades
 - Level 15.1 Armour
 - Level 3.8 Dodging
 - Level 0.6 Stealth
 - Level 17.2 Shields
 * Level 12.2 Invocations


You had 18 spell levels left.
You didn't know any spells.
Your spell library contained the following spells:

 Spells                   Type           Power        Failure   Level  Hunger
 Animate Skeleton         Necr           N/A          45%         1    ##.....
 Apportation              Tloc           #.....       45%         1    ##.....
 Beastly Appendage        Tmut           #.....       45%         1    ##.....
 Confusing Touch          Hex            #.....       45%         1    ##.....
 Flame Tongue             Conj/Fire      #....        45%         1    ##.....
 Magic Dart               Conj           #...         45%         1    ##.....
 Summon Butterflies       Summ           #.......     45%         1    ##.....
 Summon Small Mammal      Summ           #...         45%         1    ##.....
 Call Imp                 Summ           #.......     61%         2    ###....
 Ensorcelled Hibernation  Hex/Ice        #.....       61%         2    ###....
 Poisonous Vapours        Pois/Air       #.....       61%         2    ###....
 Searing Ray              Conj           #.....       61%         2    ###....
 Sticks to Snakes         Tmut           #.......     61%         2    ###....
 Sublimation of Blood     Necr           #.........   61%         2    ###....
 Throw Flame              Conj/Fire      #.....       61%         2    ###....
 Call Canine Familiar     Summ           #.......     83%         3    ####...
 Conjure Flame            Conj/Fire      #.......     83%         3    ####...
 Dazzling Spray           Conj/Hex       #.....       83%         3    ####...
 Gell's Gravitas          Tloc           #.........   83%         3    ####...
 Ignite Poison            Fire/Tmut/Pois #.......     83%         3    ####...
 Inner Flame              Hex/Fire       #.......     83%         3    ####...
 Lesser Beckoning         Tloc           #.........   83%         3    ####...
 Mephitic Cloud           Conj/Pois/Air  #.......     83%         3    ####...
 Portal Projectile        Hex/Tloc       #.....       83%         3    ####...
 Recall                   Summ/Tloc      N/A          83%         3    ####...
 Spider Form              Tmut/Pois      #.........   83%         3    ####...
 Static Discharge         Conj/Air       #.......     83%         3    ####...
 Summon Guardian Golem    Hex/Summ       #.......     83%         3    ####...
 Tukima's Dance           Hex            #.......     83%         3    ####...
 Animate Dead             Necr           N/A          99%         4    #####..
 Force Lance              Conj/Tloc      #.......     99%         4    #####..
 Fulminant Prism          Conj/Hex       #.........   99%         4    #####..
 Ice Form                 Ice/Tmut       #.......     99%         4    #####..
 Iskenderun's Mystic Bla  Conj           #.......     99%         4    #####..
 Petrify                  Tmut/Erth      #.......     99%         4    #####..
 Sticky Flame             Conj/Fire      #.......     99%         4    #####..
 Summon Ice Beast         Ice/Summ       #.......     99%         4    #####..
 Summon Lightning Spire   Summ/Air       #.......     99%         4    #####..
 Alistair's Intoxication  Tmut/Pois      #.......     100%        5    ######.
 Blade Hands              Tmut           #.........   100%        5    ######.
 Borgnjor's Vile Clutch   Necr/Erth      #.........   100%        5    ######.
 Fireball                 Conj/Fire      #.........   100%        5    ######.
 Irradiate                Conj/Tmut      #.........   100%        5    ######.
 Lightning Bolt           Conj/Air       #.........   100%        5    ######.
 Silence                  Hex/Air        #.........   100%        5    ######.
 Darkness                 Hex            #.........   100%        6    #######
 Death Channel            Necr           #.........   100%        6    #######
 Dispersal                Tloc           #.........   100%        6    #######
 Freezing Cloud           Conj/Ice/Air   #.........   100%        6    #######
 Hydra Form               Tmut           #.........   100%        6    #######
 Invisibility             Hex            #.......     100%        6    #######
 Poison Arrow             Conj/Pois      #.........   100%        6    #######
 Shadow Creatures         Summ           N/A          100%        6    #######
 Simulacrum               Ice/Necr       #.........   100%        6    #######
 Statue Form              Tmut/Erth      #........    100%        6    #######
 Dragon Form              Tmut           #.........   100%        7    #######
 Ring of Flames           Chrm/Fire      #.........   100%        7    #######
 Chain Lightning          Conj/Air       #.........   100%        8    #######
 Controlled Blink         Tloc           N/A          100%        8    #######
 Disjunction              Tloc           #.........   100%        8    #######
 Ignition                 Fire           #.........   100%        8    #######
 Lehudib's Crystal Spear  Conj/Erth      #.........   100%        8    #######
 Fire Storm               Conj/Fire      #.........   100%        9    #######
 Glaciate                 Conj/Ice       #.........   100%        9    #######
 Shatter                  Erth           #.........   100%        9    #######
 Tornado                  Air            #.........   100%        9    #######


Dungeon Overview and Level Annotations

Branches:
Dungeon (15/15)            Temple (1/1) D:4            Lair (6/6) D:8
  Swamp (3/4) Lair:2        Snake (4/4) Lair:3        Slime (0/5) Lair:6
    Orc (2/2) D:12            Elf (0/3) Orc:2        Vaults (2/5) D:13
  Crypt (0/3) Vaults:2     Depths (0/5) D:15

Altars:
Ashenzari
Cheibriados
Dithmenos
Elyvilon
Fedhas
Gozag
Hepliaklqana
Kikubaaqudgha
Makhleb
Nemelex Xobeh
Okawaru
Qazlal
Ru
Sif Muna
Trog
Uskayaw
Vehumet
Wu Jian
Xom
Yredelemnul
Zin
The Shining One
Beogh
Jiyva

Shops:
D:6 }   D:13 [   Orc:2 **(%   Snake:2 [   Snake:4 =

Annotations:
D:11 3 runed translucent doors


Innate Abilities, Weirdness & Mutations

You have a pair of antennae on your head.
You are mostly covered in molten scales. (AC +3)
You are completely attuned to the shadows.
You are robust. (+10% HP)
You have sharp toenails.
You have supernaturally acute eyesight. (SInv)
You possess an exceptional clarity of mind.
Your muscles are strong. (Str +2)


Message History

The polar bear claws you but does no damage.
The polar bear misses you. You block the troll's attack. The troll misses you.
The troll claws you but does no damage. You block the polar bear's attack.
The polar bear misses you. You block the polar bear's attack.
The stone giant closely misses you.
The black bear rages.
You closely miss the polar bear.
The polar bear is severely wounded.
The polar bear closely misses you.
You riposte.
You slice the polar bear!! You burn the polar bear!
You kill the polar bear!
That felt strangely unrewarding.
You block the deep troll's attack. x2
The deep troll claws you but does no damage.
The troll bites you.
* * * LOW HITPOINT WARNING * * *
The troll misses you. The troll claws you but does no damage.
The polar bear barely misses you.
The polar bear claws you but does no damage.
You block the polar bear's attack. The stone giant hits you!!
You die...

♣♣.♣§.≈≈≈≈♣..♣ ♣
≈.≈.≈≈≈≈...♣♣ ♣
♣≈≈≈≈≈≈≈(.♣♣♣♣♣ ♣
♣≈≈≈≈≈≈...♣♣≈)♣ ♣
♣♣≈≈♣...♣♣♣.≈§♣ ♣
♣♣♣♣..♣♣♣♣..≈♣ ♣
♣♣..♣.≈≈..≈.♣ ♣
♣♣T)...≈≈≈≈≈≈♣♣♣♣♣
♣♣@TO§.≈≈≈≈≈≈≈≈♣..♣
♣hCh...≈.≈≈♣≈≈≈≈≈≈.
♣♣≈...≈..≈≈≈≈≈≈≈≈≈≈
♣♣≈......(.≈≈≈≈≈≈≈≈≈
♣.≈≈♣.....♣.≈≈≈≈≈≈≈≈
♣♣.♣♣....≈.♣≈..≈≈≈≈.
♣♣♣≈..♣♣.♣♣♣..≈≈≈≈≈
♣.≈≈.♣♣♣♣ ♣≈....≈♣
♣♣....♣ ♣♣♣♣♣♣♣♣


You could see a stone giant (berserk), a deep troll (berserk), a polar bear
(berserk), a troll (berserk), a black bear (berserk) and an ogre (berserk).

Vanquished Creatures
  A lich (Vaults:2)
  An Ice Fiend (IceCv)
  Gastronok (Lair:3)
  A thorn hunter (Swamp:1)
  Kirke (Lair:5)
  A tengu reaver (Vaults:1)
  A storm dragon (Vaults:1)
  11 nagarajas
  6 vault wardens
  Louise (Snake:4)
  A frost giant (Vaults:1)
  The ghost of Arhasent the Peltast, an adept GrFi of Cheibriados (Snake:4)
  2 orc warlords (Orc:1)
  3 ironheart preservers (Vaults:1)
  A very ugly thing (Vaults:1)
  5 stone giants
  An entropy weaver (Vaults:1)
  Nessos (Lair:5)
  Snorg (Orc:1)
  2 fire dragons
  The ghost of poirepourri the Severer, a journeyman MiFi of Okawaru (D:12)
  6 ogre magi
  2 great orbs of eyes (Vaults:1)
  5 vault guards
  Fannar (Lair:3)
  6 yaktaur captains
  A rakshasa (Vaults:1)
  A shambling mangrove (Swamp:1)
  8 centaur warriors
  An ice dragon (Vaults:2)
  11 hydras
  11 naga warriors
  13 alligators
  19 two-headed ogres
  14 anacondas
  A deep troll shaman (Vaults:1)
  A tengu warrior (D:15)
  Urug (Lair:2)
  2 orc high priests (Orc:2)
  15 shock serpents
  Sonja (Lair:4)
  A deep troll earth mage (Vaults:1)
  7 naga sharpshooters
  9 skeletal warriors
  A fire crab (Lair:6)
  8 sea snakes (Snake:4)
  3 deep trolls (Vaults:1)
  2 salamander mystics
  2 wizards
  A glowing orange brain (Vaults:1)
  4 unseen horrors
  A flayed ghost (Vaults:1)
  5 naga ritualists
  A deep elf archer (Vaults:2)
  10 swamp dragons
  5 mana vipers
  Pikel (D:7)
  5 harpies (Vaults:1)
  14 ironbrand convokers
  21 orc knights
  3 necromancers
  3 manticores
  4 wolf spiders
  8 orc sorcerers
  48 ugly things
  A deep elf mage (D:14)
  8 cyclopes
  8 salamanders
  Maurice (D:8)
  An ice statue (IceCv)
  A spectral shock serpent (Snake:4)
  4 guardian serpents
  A stone giant skeleton (Vaults:2)
  3 centaur zombies (D:14)
  10 vault sentinels
  17 naga magi
  2 centaur skeletons (D:14)
  36 black mambas
  10 spiny frogs
  2 molten gargoyles (Lair:6)
  The ghost of emiel the Cleaver, a novice BaFi (D:5)
  2 gargoyles
  2 kobold demonologists (D:14)
  3 rime drakes
  2 komodo dragons (Lair:6)
  4 freezing wraiths
  A golden dragon simulacrum (IceCv)
  8 yaktaurs
  2 anaconda simulacra (IceCv)
  A yaktaur (shapeshifter) (D:15)
  6 ice devils (IceCv)
  11 trolls
  7 polar bears
  6 tyrant leeches
  8 hornets
  A wolf spider simulacrum (D:14)
  34 slime creatures
  2 bog bodies (Swamp:1)
  13 hippogriffs
  Prince Ribbit (Lair:3)
  23 blink frogs
  A meliai zombie (D:15)
  3 spectral nagas (Snake:4)
  A tarantella (shapeshifter) (D:15)
  4 spriggans (Swamp:3)
  3 shadows
  26 yaks
  A redback (Vaults:1)
  4 wraiths
  9 wyverns
  4 dire elephant simulacra (IceCv)
  2 hogs (Lair:5)
  19 humans (D:13)
  5 basilisks
  A death yak simulacrum (IceCv)
  3 hungry ghosts
  7 vampire mosquitoes
  6 wargs
  5 harpy simulacra (IceCv)
  48 nagas
  4 iron troll simulacra (IceCv)
  10 insubstantial wisps
  10 porcupines
  5 hell hounds (Lair:6)
  10 swamp worms
  2 acid dragons
  17 water moccasins
  2 hydra simulacra (IceCv)
  6 swamp drakes
  A hornet zombie (D:14)
  2 ice beasts
  54 orc warriors
  5 sky beasts
  4 black bears
  2 phantoms
  A black mamba simulacrum (Snake:4)
  2 ettin simulacra
  23 ogres
  An alligator simulacrum (IceCv)
  An elf zombie (Vaults:2)
  A necrophage (D:9)
  11 crocodiles
  11 centaurs
  8 big kobolds
  26 bullfrogs
  A glowing shapeshifter simulacrum (Vaults:2)
  2 wyvern skeletons (D:15)
  A human skeleton (Vaults:2)
  2 water moccasin zombies (Ossuary)
  3 scorpions
  A hornet simulacrum (D:14)
  An elephant simulacrum (IceCv)
  7 killer bees
  4 howler monkeys
  21 wights
  2 vampire bats (D:5)
  4 electric eels
  15 crimson imps
  A yaktaur simulacrum (Vaults:1)
  3 draconian simulacra (IceCv)
  A human simulacrum (Vaults:1)
  9 lava snakes
  3 naga simulacra
  9 hounds
  3 jellies
  26 orc wizards
  3 bullfrog skeletons
  28 orc priests
  A gnoll shaman (Orc:1)
  8 iguanas
  12 worker ants
  3 troll simulacra (IceCv)
  A polar bear simulacrum (IceCv)
  3 big kobold zombies (Ossuary)
  4 centaur simulacra (IceCv)
  A hound zombie (D:10)
  3 mummies
  A worker ant zombie (D:7)
  12 gnolls
  A howler monkey skeleton (D:6)
  17 adders
  2 ogre simulacra (IceCv)
  2 shadow imps
  8 white imps
  6 ufetubi (IceCv)
  An ooze (D:2)
  9 adder zombies
  An adder skeleton (D:6)
  2 worms
  A dart slug (D:3)
  4 leopard geckos
  117 orcs
  2 ball pythons
  16 bats
  5 giant cockroaches
  2 gnoll zombies (Ossuary)
  32 goblins
  31 hobgoblins
  3 jackals
  20 kobolds
  2 quokkas
  8 frilled lizards
  7 hobgoblin zombies (Ossuary)
  A jackal skeleton (D:5)
  6 kobold zombies (Ossuary)
  7 orc zombies (Ossuary)
  A quokka skeleton (D:6)
  A quokka zombie (D:5)
  9 rats
1468 creatures vanquished.

Vanquished Creatures (collateral kills)
  An ettin (Orc:1)
  An orc high priest (Orc:2)
  A guardian serpent (shapeshifter) (Vaults:2)
  A komodo dragon (Lair:6)
  3 blink frogs (Lair:6)
  5 yaks (Lair:6)
  An orc (Orc:1)
13 creatures vanquished.

Vanquished Creatures (others)
  A naga sharpshooter (Snake:1)
  A skeletal warrior (Vaults:2)
  A mana viper (Snake:4)
  A naga mage (Snake:4)
  A yak (Lair:6)
  A spectral naga (Snake:4)
  A human (D:3)
  A centaur (Vaults:2)
  An orc wizard (Vaults:1)
  An orc (Orc:1)
  4 fungi
  4 plants (Lair:6)
18 creatures vanquished.

Grand Total: 1499 creatures vanquished

Notes
Turn   | Place    | Note
-------+----------+-------------------------------------------
     0 | D:1      | vishdafish the Demonspawn Berserker began the quest for the
                  | Orb.
     0 | D:1      | Reached XP level 1. HP: 18/18 MP: 1/1
   288 | D:1      | Gained mutation: You have a pair of small antennae on your
                  | head. [demonic ancestry]
   288 | D:1      | Reached XP level 2. HP: 24/24 MP: 2/2
   486 | D:1      | Reached skill level 3 in Long Blades
   702 | D:2      | Reached XP level 3. HP: 29/29 MP: 3/3
   807 | D:2      | Reached ** piety under Trog
  1289 | D:2      | Found a glowing golden altar of the Shining One.
  1508 | D:2      | Reached XP level 4. HP: 21/37 MP: 4/4
  2098 | D:3      | Found an ancient bone altar of Kikubaaqudgha.
  2101 | D:3      | Noticed a human
  2102 | D:3      | Killed a human
  2598 | D:4      | Reached skill level 4 in Long Blades
  2598 | D:4      | Reached XP level 5. HP: 37/42 MP: 5/5
  2734 | D:4      | Found a staircase to the Ecumenical Temple.
  3041 | D:5      | Entered Level 5 of the Dungeon
  3232 | D:4      | Reached *** piety under Trog
  3388 | D:4      | Reached XP level 6. HP: 25/48 MP: 6/6
  3872 | D:4      | Reached **** piety under Trog
  4199 | D:4      | HP: 2/49 [big kobold/+0 club (2)]
  4200 | D:4      | Gained mutation: Your muscles are strong. (Str +2) [potion
                  | of mutation]
  4200 | D:4      | Gained mutation: You have sharp toenails. [potion of
                  | mutation]
  4200 | D:4      | Gained mutation: You possess an exceptional clarity of
                  | mind. [potion of mutation]
  4200 | D:4      | Gained mutation: You have supernaturally acute eyesight.
                  | (SInv) [potion of mutation]
  4567 | D:4      | Reached skill level 5 in Long Blades
  4604 | D:4      | Gained mutation: You are slightly more attuned to the
                  | shadows. [demonic ancestry]
  4604 | D:4      | Reached XP level 7. HP: 35/55 MP: 7/7
  4859 | D:5      | Found a runed translucent door.
  5188 | D:5      | Found an ancient bone altar of Kikubaaqudgha.
  5657 | D:5      | Reached skill level 5 in Fighting
  5836 | D:5      | Got a clouded lead amulet
  5838 | D:5      | Identified the amulet "Ekor" {Inacc rF+ rC+ MR+} (You found
                  | it on level 5 of the Dungeon)
  5873 | D:5      | Noticed emiel's ghost (novice BaFi)
  5890 | D:5      | Reached skill level 6 in Long Blades
  5906 | D:5      | Killed emiel's ghost
  5906 | D:5      | Gained mutation: You are significantly more attuned to the
                  | shadows. [demonic ancestry]
  5906 | D:5      | Reached XP level 8. HP: 32/62 MP: 8/8
  6259 | D:6      | Found a shadowy altar of Dithmenos.
  6267 | D:6      | Found a deep blue altar of Sif Muna.
  6268 | D:6      | Found a blossoming altar of Fedhas.
  6270 | D:6      | Found a radiant altar of Vehumet.
  6280 | D:6      | Reached skill level 5 in Armour
  6296 | D:6      | Reached skill level 7 in Long Blades
  6361 | D:6      | Found an ornate altar of the Wu Jian Council.
  6361 | D:6      | Found a basalt altar of Yredelemnul.
  6362 | D:6      | Found a hazy altar of Hepliaklqana.
  6409 | D:6      | Reached ***** piety under Trog
  6777 | D:6      | Gained mutation: You are completely attuned to the shadows.
                  | [demonic ancestry]
  6777 | D:6      | Reached XP level 9. HP: 68/68 MP: 9/9
  7032 | D:6      | Reached skill level 8 in Long Blades
  7258 | D:6      | Found Caesaud's Gadget Shop.
  7655 | D:7      | Noticed Pikel
  7660 | D:7      | Paralysed by Pikel for 3 turns
  7668 | D:7      | Killed Pikel
  7668 | D:7      | Reached skill level 9 in Long Blades
  7738 | D:7      | Found the +7 longbow "Piercer" {penet, EV-2}
  7741 | D:7      | Found a hide-covered altar of Uskayaw.
  7930 | D:7      | Identified a +0 pair of boots of running (You found it on
                  | level 7 of the Dungeon)
  8179 | D:8      | Found a staircase to the Lair.
  8207 | D:8      | Received a gift from Trog
  8371 | D:8      | Noticed a two-headed ogre
  8372 | D:8      | Noticed a two-headed ogre
  8382 | D:8      | Killed a two-headed ogre
  8382 | D:8      | Reached XP level 10. HP: 30/74 MP: 10/10
  8386 | D:8      | Killed a two-headed ogre
  8386 | D:8      | Reached skill level 10 in Long Blades
  8468 | D:8      | Found a sand-covered staircase.
  8477 | Ossuary  | Entered an ossuary
  9021 | D:8      | Noticed Maurice
  9031 | D:8      | Killed Maurice
 10108 | D:9      | Noticed a two-headed ogre
 10114 | D:9      | Killed a two-headed ogre
 10253 | D:9      | Gained mutation: You are partially covered in molten
                  | scales. (AC +2) [demonic ancestry]
 10253 | D:9      | Reached XP level 11. HP: 74/80 MP: 11/11
 10522 | D:10     | Entered Level 10 of the Dungeon
 10739 | D:10     | Received a gift from Trog
 10947 | D:10     | Reached skill level 10 in Armour
 11376 | D:10     | Reached skill level 11 in Long Blades
 12301 | D:11     | Found an ancient bone altar of Kikubaaqudgha.
 12426 | D:11     | Found a runed translucent gate.
 12426 | D:11     | Found a runed translucent gate.
 12426 | D:11     | Noticed a red ugly thing
 12426 | D:11     | Noticed a brown ugly thing
 12426 | D:11     | Noticed a white ugly thing
 12427 | D:11     | Found a runed translucent gate.
 12427 | D:11     | Noticed a red ugly thing
 12594 | D:11     | Identified the +7 flail "Caad" {flame, Dex+6}
 12604 | D:11     | Received a gift from Trog
 13050 | D:12     | Noticed a four-headed hydra
 13064 | D:12     | Killed an 11-headed hydra
 13131 | D:12     | Noticed a four-headed hydra
 13251 | D:12     | Found a staircase to the Orcish Mines.
 13631 | D:12     | Reached XP level 12. HP: 88/93 MP: 12/12
 14001 | D:12     | Found a runed translucent gate.
 14001 | D:12     | Noticed poirepourri's ghost (journeyman MiFi)
 14002 | D:12     | Found a runed translucent gate.
 14003 | D:12     | Found a runed translucent gate.
 14011 | D:12     | Identified the +0 dire flail "Weuviuhu" {venom, rC++}
 14011 | D:12     | Identified the cursed +0 chain mail of Uqeol {Slay+2
                  | Stlth+}
 14058 | D:12     | Reached skill level 12 in Long Blades
 14094 | D:12     | Killed poirepourri's ghost
 14230 | D:12     | Found a roughly hewn altar of Beogh.
 14385 | Orc:1    | Entered Level 1 of the Orcish Mines
 14416 | Orc:1    | Noticed an orc warlord
 14424 | Orc:1    | Reached ****** piety under Trog
 14436 | Orc:1    | Killed an orc warlord
 14445 | Orc:1    | Received a gift from Trog
 14449 | Orc:1    | Got a pitted triple sword {god gift}
 14450 | Orc:1    | Identified the +5 triple sword of Maelaoto {flame, *Drain
                  | rN+ Int+4} (Trog gifted it to you on level 1 of the Orcish
                  | Mines)
 14522 | Orc:1    | Noticed an orc warlord
 14696 | Orc:1    | Noticed Snorg
 14701 | Orc:1    | Killed Snorg
 15322 | Orc:1    | Identified the +7 longbow of Dismemberment {freeze, rC+}
 15336 | Orc:1    | Reached skill level 10 in Fighting
 15416 | Orc:1    | Noticed a two-headed ogre
 15421 | Orc:1    | Killed a two-headed ogre
 15609 | Orc:1    | Noticed an ettin
 15617 | Orc:1    | Killed an ettin
 15697 | Orc:1    | Noticed an orc warlord
 15709 | Orc:1    | Killed an orc warlord
 15715 | Orc:1    | Reached XP level 13. HP: 102/103 MP: 13/13
 15966 | Orc:2    | Entered Level 2 of the Orcish Mines
 15969 | Orc:2    | Found a staircase to the Elven Halls.
 15991 | Orc:2    | Reached skill level 13 in Long Blades
 16136 | Orc:2    | Received a gift from Trog
 16145 | Orc:2    | Got a polished double sword {god gift}
 16195 | Orc:2    | Noticed a stone giant
 16207 | Orc:2    | Killed a stone giant
 16449 | Orc:2    | Paralysed by an orc sorcerer for 6 turns
 16459 | Orc:2    | HP: 7/156 [orc sorcerer/bolt of negative energy (11)]
 17159 | Orc:2    | Found Xanner's Assorted Antiques.
 17159 | Orc:2    | Found Pujutwum's Weapon Emporium.
 17167 | Orc:2    | Found Tairil's Food Emporium.
 17169 | Orc:2    | Found Saoth's Assorted Antiques.
 17340 | Orc:2    | Bought a potion of might for 152 gold pieces
 17353 | Orc:2    | Bought a potion of haste for 250 gold pieces
 17353 | Orc:2    | Bought a potion of might for 100 gold pieces
 17353 | Orc:2    | Bought a potion of haste for 250 gold pieces
 17572 | Lair:1   | Entered Level 1 of the Lair of Beasts
 18453 | Lair:2   | Noticed Urug
 18464 | Lair:2   | Killed Urug
 18635 | Lair:2   | Identified the +9 double sword of Anaug {freeze, rPois rF+
                  | MR+} (Trog gifted it to you on level 2 of the Orcish Mines)
 19012 | Lair:2   | Found a staircase to the Swamp.
 19460 | Lair:3   | Reached skill level 14 in Long Blades
 19569 | Lair:3   | Noticed Fannar
 19575 | Lair:3   | Killed Fannar
 19637 | Lair:3   | Found a staircase to the Snake Pit.
 19676 | Lair:3   | Received a gift from Trog
 19749 | Lair:3   | Noticed Gastronok
 19766 | Lair:3   | Killed Gastronok
 19766 | Lair:3   | Reached XP level 14. HP: 110/112 MP: 14/14
 19783 | Lair:3   | Noticed Prince Ribbit
 19870 | Lair:3   | Killed Prince Ribbit
 20367 | Lair:4   | Noticed Sonja
 20381 | Lair:4   | Killed Sonja
 20703 | Lair:4   | Got an ancient leather armour
 20714 | Lair:4   | Identified the cursed +0 leather armour "Isulid" {Int+2}
                  | (You found it on level 4 of the Lair of Beasts)
 21716 | Lair:5   | Noticed Nessos
 21911 | Lair:5   | Noticed Kirke
 21922 | Lair:5   | Killed Kirke
 22251 | Lair:5   | Killed Nessos
 22463 | Lair:6   | Entered Level 6 of the Lair of Beasts
 22590 | Lair:6   | Received a gift from Trog
 22593 | Lair:6   | Identified the +7 triple sword of a bailey {speed, rElec
                  | rC+} (Trog gifted it to you on level 6 of the Lair of
                  | Beasts)
 22660 | Lair:6   | Found a viscous altar of Jiyva.
 22660 | Lair:6   | Found a staircase to the Slime Pits.
 22671 | Lair:6   | Reached skill level 15 in Long Blades
 23606 | Lair:6   | Found a large runed translucent door.
 23607 | Lair:6   | Found a large runed translucent door.
 24417 | D:13     | Reached skill level 15 in Armour
 24527 | D:13     | Received a gift from Trog
 24560 | D:13     | Found Zagh's Antique Armour Shop.
 24565 | D:13     | Bought a shiny shield for 277 gold pieces
 24649 | D:13     | Reached XP level 15. HP: 119/119 MP: 15/15
 24672 | D:13     | Reached skill level 1 in Shields
 24839 | D:13     | Found a gate to the Vaults.
 24880 | D:13     | Paralysed by a wizard for 5 turns
 25393 | D:14     | Reached skill level 5 in Shields
 25458 | D:14     | Received a gift from Trog
 25527 | D:14     | Identified the cursed +0 ring mail of Niwypnyl {Regen+
                  | rCorr Int+4 Dex-5}
 26001 | D:15     | Entered Level 15 of the Dungeon
 26010 | D:15     | Received a gift from Trog
 26243 | D:15     | Found a staircase to the Depths.
 26289 | D:15     | Found a white marble altar of Elyvilon.
 26921 | Snake:1  | Entered Level 1 of the Snake Pit
 27434 | Snake:1  | Reached skill level 10 in Shields
 28547 | Snake:2  | Found Aqyat's Armour Shop.
 28624 | Snake:2  | Gained mutation: You have a pair of antennae on your head.
                  | [demonic ancestry]
 28624 | Snake:2  | Reached XP level 16. HP: 108/125 MP: 16/16
 28696 | Snake:2  | Received a gift from Trog
 31370 | Snake:4  | Entered Level 4 of the Snake Pit
 31926 | Snake:4  | Found a runed translucent gate.
 31926 | Snake:4  | Found a runed translucent gate.
 31927 | Snake:4  | Found a runed translucent gate.
 31950 | Snake:4  | Found Zaufaun's Jewellery Shop.
 31955 | Snake:4  | Bought a cursed ring of attention for 81 gold pieces
 32006 | Snake:4  | Received a gift from Trog
 32529 | Snake:4  | Gained mutation: You are mostly covered in molten scales.
                  | (AC +3) [demonic ancestry]
 32529 | Snake:4  | Reached XP level 17. HP: 131/131 MP: 17/17
 32630 | Snake:4  | Reached skill level 15 in Shields
 33238 | Snake:4  | Noticed Louise
 33272 | Snake:4  | Killed Louise
 34425 | Snake:4  | Got a serpentine rune of Zot
 34541 | Snake:4  | Noticed Arhasent's ghost (adept GrFi)
 34740 | Snake:4  | Killed Arhasent's ghost
 35122 | Vaults:1 | Entered Level 1 of the Vaults
 35186 | Vaults:1 | Found a flickering gateway to a bazaar.
 35192 | Bazaar   | Entered a bazaar
 35194 | Bazaar   | Found Moiryn's Gadget Emporium.
 35209 | Bazaar   | Found Careocw's General Store.
 35243 | Bazaar   | Found Kiecza's Jewellery Emporium.
 35280 | Bazaar   | Bought 2 potions of curing for 66 gold pieces
 35280 | Bazaar   | Bought a scroll of identify for 22 gold pieces
 35280 | Bazaar   | Bought a potion of magic for 88 gold pieces
 35359 | Vaults:1 | Received a gift from Trog
 35553 | Vaults:1 | You are sucked into a shaft!
 35573 | Vaults:2 | Reached skill level 16 in Long Blades
 36377 | Vaults:2 | Gained mutation: You are robust. (+10% HP) [demonic
                  | ancestry]
 36377 | Vaults:2 | Reached XP level 18. HP: 59/154 MP: 18/18
 36382 | Vaults:2 | Received a gift from Trog
 36657 | Vaults:2 | Noticed a lich
 36716 | Vaults:2 | Killed a lich
 37033 | Vaults:2 | Reached skill level 17 in Long Blades
 37546 | Vaults:2 | Found a staircase to the Crypt.
 37824 | Vaults:1 | Received a gift from Trog
 38164 | Temple   | Entered the Ecumenical Temple
 38318 | Temple   | Fell from the grace of Trog
 38318 | Temple   | Became a worshipper of Cheibriados the Contemplative
 38886 | Vaults:1 | Reached * piety under Cheibriados
 39164 | Vaults:1 | Reached ** piety under Cheibriados
 39194 | Vaults:1 | HP: 7/157 [two-headed ogre/+0 giant spiked club (11)]
 39202 | Vaults:1 | HP: 5/157 [the fiery rage of Trog (7)]
 39615 | Vaults:1 | Reached *** piety under Cheibriados
 39665 | Vaults:1 | Reached XP level 19. HP: 122/165 MP: 19/19
 39692 | Vaults:1 | Reached skill level 18 in Long Blades
 39967 | Vaults:1 | Paralysed by Trog for 4 turns
 41060 | Vaults:1 | Reached skill level 1 in Invocations
 41076 | Vaults:1 | Reached **** piety under Cheibriados
 41349 | Swamp:1  | Entered Level 1 of the Swamp
 41735 | Swamp:1  | Reached skill level 5 in Invocations
 41756 | Swamp:1  | Reached ***** piety under Cheibriados
 42919 | Swamp:3  | Found a frozen archway.
 42936 | IceCv    | Entered an ice cave
 43083 | IceCv    | Reached ****** piety under Cheibriados
 43216 | IceCv    | Reached skill level 10 in Invocations
 44022 | Swamp:3  | Demolished by a stone giant

Skill      XL: |  1  2  3  4  5  6  7  8  9 10 11 12 13 14 15 16 17 18 19 |
---------------+----------------------------------------------------------+-----
Dodging        | 2 3 |  3.8
Long Blades    | 3 4 5 6 7 9 10 11 12 14 15 16 17 18 | 18.1
Armour         | 2 3 4 6 8 9 11 12 13 15 | 15.1
Fighting       | 4 5 6 8 10 11 12 13 | 13.5
Shields        | 10 14 16 17 | 17.2
Invocations    | 12 | 12.2
Stealth        | |  0.6

Action                   |  1- 3 |  4- 6 |  7- 9 | 10-12 | 13-15 | 16-18 | 19-21 || total
-------------------------+-------+-------+-------+-------+-------+-------+-------++-------
Melee: Falchion          |   119 |   289 |   303 |       |       |       |       ||   711
       Long sword        |       |       |   150 |       |       |       |       ||   150
       Demon blade       |       |       |    12 |   779 |       |       |       ||   791
       Triple sword      |       |       |       |   146 |   595 |       |       ||   741
       Double sword      |       |       |       |       |   574 |  1534 |   554 ||  2662
       Unarmed           |       |       |       |       |     1 |       |       ||     1
Throw: Throwing net      |       |       |       |     1 |     2 |       |       ||     3
Invok: Berserk           |     4 |     7 |    14 |    12 |    18 |    11 |       ||    66
       Brothers in Arms  |       |       |       |     1 |     2 |     1 |       ||     4
 Abil: Stop Flying       |       |       |       |       |     1 |       |       ||     1
       Evoke Flight      |       |       |       |       |       |     1 |       ||     1
Evoke: Wand              |       |       |     1 |     7 |    21 |    19 |    13 ||    61
       Lamp of fire      |       |       |       |       |       |     4 |     2 ||     6
  Use: Scroll            |       |     7 |     8 |     9 |    10 |    18 |     2 ||    54
       Potion            |       |     2 |       |     2 |     3 |    13 |     7 ||    27
 Stab: Sleeping          |     3 |       |       |       |       |       |       ||     3
       Distracted        |       |       |     1 |       |     2 |       |     1 ||     4
       Paralysed         |       |       |     5 |     2 |       |       |       ||     7
       Held in net/web   |       |       |       |     2 |     1 |       |       ||     3
  Eat: Chunk             |     6 |     9 |    10 |    13 |    25 |    10 |     4 ||    77
       Ration            |       |     2 |     5 |    10 |    10 |    11 |     1 ||    39
Armor: Animal skin       |    27 |    12 |       |       |       |       |       ||    39
       Ring mail         |       |    90 |     7 |       |       |       |       ||    97
       Crystal plate arm |       |       |   380 |   628 |  1009 |   592 |   361 ||  2970
Dodge: Dodged            |    79 |   222 |   152 |   301 |   342 |   300 |   227 ||  1623
       Deflected         |       |    16 |     6 |    11 |    23 |    26 |     4 ||    86
Block: Shield            |       |       |       |       |   273 |  1152 |   555 ||  1980
       Reflection        |       |       |       |       |    13 |    69 |       ||    82
       Rpst.: Falchion   |    16 |    69 |    35 |       |       |       |       ||   120
       Long sword        |       |       |    14 |       |       |       |       ||    14
       Demon blade       |       |       |       |    68 |       |       |       ||    68
       Triple sword      |       |       |       |    34 |    66 |       |       ||   100
       Double sword      |       |       |       |       |    19 |    73 |    45 ||   137
